 Dungeon Crawl Stone Soup version 0.28.0-53-g5a82cb258f (webtiles) character file.

Game seed: 1231491375679194365

69 Zeld the Magician (level 4, -1/24 HPs)
             Began as a Deep Elf Fire Elementalist on May 22, 2022.
             Slain by an orc
             ... wielding a +0 short sword
              (4 damage)
             ... on level 3 of the Dungeon.
             The game lasted 00:01:45 (2368 turns).

Zeld the Magician (Deep Elf Fire Elementalist)      Turns: 2368, Time: 00:01:46

Health: -1/24      AC:  2    Str:  5    XL:     4   Next: 2%
Magic:  1/12       EV: 13    Int: 22    God:
Gold:   134        SH:  0    Dex: 15    Spells: 5/11 levels left

rFire   . . .      SeeInvis .   (no weapon)
rCold   . . .      Faith    .   (no shield)
rNeg    . . .      Spirit   .   a - +0 robe
rPois   .          Reflect  .   (no helmet)
rElec   .          Harm     .   (no cloak)
rCorr   .          Rampage  .   (no gloves)
Will    .....                   (no boots)
Stlth   ++........              (no amulet)
HPRegen 0.08/turn               (no ring)
MPRegen 0.13/turn               (no ring)

@: no status effects
A: no striking features
a: no special abilities


You were on level 3 of the Dungeon.
You visited 1 branch of the dungeon, and saw 3 of its levels.

You collected 134 gold pieces.

Inventory:

Armour
 a - a +0 robe (worn)
Scrolls
 c - a scroll of amnesia {unknown}
 d - a scroll of silence {unknown}
 f - a scroll of teleportation {unknown}
Potions
 b - a potion of heal wounds {unknown}
 e - 2 potions of brilliance {unknown}


   Skills:
 + Level 3.0 Dodging
 - Level 2.4 Stealth
 * Level 4.2 Spellcasting
 + Level 2.0 Conjurations
 + Level 0.7 Hexes
 * Level 4.0 Fire Magic


You had 5 spell levels left.
You knew the following spells:

 Your Spells              Type           Power      Damage    Failure   Level
a - Foxfire               Conj/Fire      68%        2x1d7     3%          1
b - Scorch                Fire           44%        2d7       3%          2
c - Inner Flame           Hex/Fire       15%        N/A       12%         3

Your spell library contained the following spells:

 Spells                   Type           Power      Damage    Failure   Level
 Conjure Flame            Conj/Fire      17%        6-21      10%         3
 Summon Guardian Golem    Hex/Summ       6%         N/A       28%         3
 Flame Wave               Conj/Fire      17%        2d6       32%         4
 Orb of Destruction       Conj           6%         9d6       100%        7
 Spellforged Servitor     Conj/Summ      4%         N/A       100%        7


Dungeon Overview and Level Annotations

Branches:
Dungeon (3/15)

Altars:


Message History

There is a stone staircase leading up here.
There are monsters nearby!
The orc misses you.
There are monsters nearby!
Casting: Scorch (safe; 3% risk of failure)
Confirm with . or Enter, or press ? or * to list all spells.
Flames lash the orc.
The orc is severely wounded.
The orc's fire resistance burns away.
The orc closely misses you.
Unknown command.
Casting: Scorch (safe; 3% risk of failure)
Confirm with . or Enter, or press ? or * to list all spells.
Flames lash the orc.
You kill the orc!
The orc hits you with a +0 flail. The orc hits you with a +0 short sword.
Your Conjurations skill increases to level 2!
Unknown command.
Casting: Scorch (safe; 3% risk of failure)
Confirm with . or Enter, or press ? or * to list all spells.
Flames lash the orc but do no damage.
The orc misses you. x2
Casting: Scorch (safe; 3% risk of failure)
Confirm with . or Enter, or press ? or * to list all spells.
Flames lash the orc.
You kill the orc!
The orc hits you with a +0 flail.
* * * LOW HITPOINT WARNING * * *
The orc hits you with a +0 short sword.
* * * LOW HITPOINT WARNING * * *
You have reached level 4!
You feel clever.
Unknown command.
The orc is no longer more vulnerable to fire.
The orc closely misses you.
Casting: Scorch (safe; 3% risk of failure)
Confirm with . or Enter, or press ? or * to list all spells.
Flames lash the orc.
You kill the orc!
You hear a shout! x2
The orc hits you with a +0 short sword.
You die...

. #?
#..#########
#..........#
#.))....#
#...<...# #
#.......###.##^#
#.......o@.....#
#...<$.)...#.###
########>.##
..## ##.# ..#
###


You could see an orc.

Vanquished Creatures
  3 adders (D:2)
  A worm (D:2)
  3 orcs (D:3)
  5 endoplasms
  3 giant cockroaches (D:1)
  2 goblins
  3 hobgoblins
  2 quokkas
  4 ball pythons
  4 bats
  4 frilled lizards (D:1)
  3 kobolds (D:2)
  3 rats
40 creatures vanquished.

Vanquished Creatures (others)
  82 foxfires (D:1)
82 creatures vanquished.

Grand Total: 122 creatures vanquished

Notes
Turn   | Place    | Note
-------+----------+-------------------------------------------
     0 | D:1      | Zeld the Deep Elf Fire Elementalist began the quest for the
                  | Orb.
     0 | D:1      | Reached XP level 1. HP: 10/10 MP: 6/6
   248 | D:1      | Reached XP level 2. HP: 14/15 MP: 5/8
   288 | D:1      | Learned a level 2 spell: Scorch
  1264 | D:2      | Reached XP level 3. HP: 19/19 MP: 5/10
  1268 | D:2      | Learned a level 3 spell: Inner Flame
  2363 | D:3      | Reached XP level 4. HP: 2/24 MP: 2/12
  2368 | D:3      | Slain by an orc

Illustrated notes

Levels and vault maps discovered:
D:1:      mrwooster_arrival_arrow, layout_basic
D:2:      kennysheep_six_static_rooms, layout_basic
D:3:      layout_rooms, dreamdust_ecumenical_altar_hidden_monk_grotto,
          minmay_misc_feat_room, hangedman_glass_teeth, uniq_natasha

Skill      XL: |  1  2  3 |
---------------+----------+-----
Spellcasting   | 4 |  4.2
Dodging        | 3 |  3.0
Fire Magic     | 4 |  4.0
Conjurations   | 2 |  2.0
Stealth        | |  2.4
Hexes          | |  0.7

Action                   |  1- 3 |  4- 6 || total
-------------------------+-------+-------++-------
Melee: Unarmed           |     8 |       ||     8
 Cast: Foxfire           |    49 |       ||    49
       Scorch            |    27 |     1 ||    28
Armor: Robe              |     2 |       ||     2
Dodge: Dodged            |    26 |     1 ||    27
